 Dungeon Crawl Stone Soup version 0.29-a0-824-gd827844252 (webtiles) character file.

Game seed: 11664198312956272037

80 coolguy69 the Cutter (level 4, -2/24 HPs)
             Began as a Vine Stalker Monk on July 10, 2022.
             Constricted to death by Ijyb (4 damage)
             ... on level 3 of the Dungeon.
             The game lasted 00:02:49 (3461 turns).

coolguy69 the Cutter (Vine Stalker Monk)            Turns: 3461, Time: 00:02:49

Health: -2/24      AC:  6    Str: 13 (15) XL:     4   Next: 39%
Magic:  0/5        EV:  9    Int:  8 (10) God:
Gold:   150        SH:  0    Dex: 16 (17) Spells: 3/3 levels left

rFire   . . .      SeeInvis .   a - +0 short sword
rCold   . . .      Faith    .   (no shield)
rNeg    . . .      Spirit   +   g - +0 leather armour
rPois   .          Reflect  .   l - +0 helmet
rElec   .          Harm     .   (no cloak)
rCorr   .          Rampage  .   d - +1 pair of gloves
Will    .....                   (no boots)
Stlth   ++........              (no amulet)
HPRegen 0.88/turn               (no ring)
MPRegen 0.09/turn               (no ring)

@: brilliant, grasped by roots, constricted
A: fangs 2, regeneration 1, magic shield, antimagic bite, no potion heal 2
a: no special abilities


You were on level 3 of the Dungeon.
You visited 1 branch of the dungeon, and saw 3 of its levels.

You collected 150 gold pieces.

Inventory:

Hand Weapons
 a - a +0 short sword (weapon)
Armour
 d - a +1 pair of gloves (worn)
 g - a +0 leather armour (worn)
 l - a +0 helmet (worn)
Scrolls
 b - 3 scrolls of teleportation {unknown}
 h - a scroll of blinking {unknown}
 i - 2 scrolls of immolation {unknown}
 n - a scroll of torment {unknown}
 o - a scroll of noise {unknown}
Potions
 c - 4 potions of ambrosia
 j - 3 potions of curing {unknown}
 k - 2 potions of berserk rage {unknown}
 m - a potion of mutation {unknown}


   Skills:
 + Level 3.2 Fighting
 + Level 3.3 Short Blades
 + Level 0.3 Armour
 + Level 3.0 Dodging
 + Level 3.2 Stealth


You had 3 spell levels left.
You didn't know any spells.
Your spell library contained the following spells:

 Spells                   Type           Power      Damage    Failure   Level
 Slow                     Hex            0%         N/A       50%         1
 Confusing Touch          Hex            0%         N/A       86%         3
 Vampiric Draining        Necr           0%         2d6       86%         3


Dungeon Overview and Level Annotations

Branches:
Dungeon (3/15)

Altars:
Gozag
Wu Jian

Annotations:
D:3 Ijyb


Innate Abilities, Weirdness & Mutations

You have extremely sharp teeth.
Your natural rate of healing is unusually fast.
When hurt, damage is shared between your health and your magic reserves.
Your bite disrupts and absorbs the magic of your enemies.
Potions cannot restore your health.


Message History

You barely miss Ijyb.
Ijyb is heavily wounded.
You closely miss Ijyb.
Ijyb is heavily wounded.
Ijyb closely misses you. The grasping roots constrict you.
You closely miss Ijyb. Your bite misses Ijyb.
Ijyb is heavily wounded.
Ijyb hits you with a +0 club. The grasping roots constrict you.
You are too injured to fight recklessly!
You are too injured to fight recklessly!
You are too injured to fight recklessly!
You are too injured to fight recklessly!
It was a potion of degeneration.
There was something very wrong with that liquid.
You feel weakened.
You feel dopey.
You feel clumsy. Ijyb hits you with a +0 club.
The grasping roots constrict you.
* * * LOW HITPOINT WARNING * * *
The grasping roots release their grip on you.
It was a potion of brilliance.
You feel clever all of a sudden. Ijyb misses you.
You barely miss Ijyb. Your bite misses Ijyb.
Ijyb is heavily wounded.
Ijyb zaps a wand.
The roots erupt in riotous growth!
The grasping roots grab you!
Ijyb is unaffected.
The grasping roots constrict you.
* * * LOW HITPOINT WARNING * * *
You hit Ijyb but do no damage. Your bite misses Ijyb.
Ijyb is heavily wounded.
Ijyb hits you with a +0 club.
* * * LOW HITPOINT WARNING * * *
The grasping roots constrict you.
You hit Ijyb but do no damage. You bite Ijyb, but do no damage.
Ijyb is heavily wounded.
Ijyb closely misses you. The grasping roots constrict you.
* * * LOW HITPOINT WARNING * * *
You hit Ijyb but do no damage.
Ijyb is heavily wounded.
Ijyb closely misses you. The grasping roots constrict you.
You die...

#.#.########...#.# #
#.#.....#.#<...#.# #
#.#####.#.#....#.# #
..........#....#.# #
#..#....#.#..#.#.# #
#
#..######.######.#.#
#
...#≈.........(###.#
#
...#≈≈.........#.g.#
# ####≈≈≈≈...)_..#@#
# #≈≈≈≈....♣..#.# #
#≈≈≈≈......(#.# #
#≈≈≈........#.# #
#≈...(......#.# #
##########.##.#
#.#..# #...## #####


You could see Ijyb.

Vanquished Creatures
  Robin (D:3)
  2 worms (D:2)
  2 dart slugs
  4 bats (D:2)
  5 endoplasms
  2 giant cockroaches (D:2)
  11 goblins
  9 hobgoblins
  2 quokkas (D:1)
  3 ball pythons
  6 frilled lizards
  6 kobolds
  4 rats
57 creatures vanquished.

Notes
Turn   | Place    | Note
-------+----------+-------------------------------------------
     0 | D:1      | coolguy69 the Vine Stalker Monk began the quest for the
                  | Orb.
     0 | D:1      | Reached XP level 1. HP: 11/11 MP: 2/2
   153 | D:1      | Reached XP level 2. HP: 2/16 MP: 3/3
   713 | D:1      | Found a faded altar of an unknown god.
  1269 | D:1      | Reached XP level 3. HP: 20/20 MP: 4/4
  1767 | D:2      | Found Sag Pim's Magic Scroll Shop.
  2625 | D:2      | Gained mutation: Your natural rate of healing is unusually
                  | fast. [Vine Stalker growth]
  2625 | D:2      | Reached XP level 4. HP: 24/24 MP: 5/5
  2728 | D:3      | Noticed Robin
  2762 | D:3      | Killed Robin
  2796 | D:3      | Found an opulent altar of Gozag.
  3393 | D:3      | Found an ornate altar of the Wu Jian Council.
  3441 | D:3      | Noticed Ijyb
  3460 | D:3      | HP: 1/24 [constriction (4)]
  3461 | D:3      | Constricted to death by Ijyb

Illustrated notes

Levels and vault maps discovered:
D:1:      nagdon_arrival_double_spiral, layout_basic, basic_ecumenical_altar,
          grunt_decor_arrowhead
D:2:      layout_loops_ring, serial_shops, shop, st_stairs_2
D:3:      layout_basic, nicolae_gozag_seed_capital, nzn_wu_jian_contemplation,
          minmay_hedge_maze, uniq_robin, uniq_ijyb

Skill      XL: |  1  2  3 |
---------------+----------+-----
Fighting       | 3 |  3.2
Short Blades   | 3 |  3.3
Stealth        | 3 |  3.2
Dodging        | 3 |  3.0
Armour         | |  0.3

Action                   |  1- 3 |  4- 6 || total
-------------------------+-------+-------++-------
Melee: Short sword       |   127 |    56 ||   183
       Bite              |    32 |    12 ||    44
  Use: Potion            |       |     2 ||     2
 Stab: Sleeping          |     8 |     1 ||     9
       Distracted        |     1 |       ||     1
Armor: Robe              |     6 |       ||     6
       Leather armour    |    19 |    13 ||    32
Dodge: Dodged            |    70 |    28 ||    98

Table legend: (Time is in decaauts)
 A = Elapsed time spent in this place.
 B = Non-inter-level travel time spent in this place.
 C = Inter-level travel time spent in this place.
 D = Time resting spent in this place.
 E = Time spent auto-exploring this place.
 F = Levels seen in this place.
 G = Mean time per level.
                   A        B        C        D        E       F      G
               +--------+--------+--------+--------+--------+-----+--------+
         Total |   3450 |   3274 |    176 |    602 |   2233 |   3 | 1150.0 |
       Dungeon |   3450 |   3274 |    176 |    602 |   2233 |   3 | 1150.0 |
               +--------+--------+--------+--------+--------+-----+--------+

Top non-repeatable levels by time:
     D:1: 1508 daAuts
     D:2: 1156 daAuts
     D:3: 786 daAuts
